 Dungeon Crawl Stone Soup version 0.27-a0-828-g8289197e94 (webtiles) character file.

Game seed: 7310723244354893841

33 dickylongcocking the Magician (level 3, -2/27 HPs)
             Began as a Djinni Ice Elementalist on Mar 31, 2021.
             Slain by a kobold
             ... wielding a +0 dagger
              (4 damage)
             ... on level 1 of the Dungeon.
             The game lasted 00:00:56 (1136 turns).

dickylongcocking the Magician (DjIE)                Turns: 1136, Time: 00:00:56

Health: -2/27      AC:  3    Str:  7    XL:     3   Next: 29%
Gold:   22         EV: 11    Int: 17    God:
                   SH:  0    Dex: 13

rFire    + + .     SeeInvis .   b - +0 short sword
rCold    x . .     Faith    .   (no shield)
rNeg     . . .     Spirit   .   e - +0 leather armour
rPois    ∞         Reflect  .   (no helmet)
rElec    .         Harm     .   (no cloak)
rCorr    .         Rampage  .   (no gloves)
Will     .....                  (boots unavailable)
Stlth    ++........             (no amulet)
HPRegen  0.09/turn              (no ring)
MPRegen  0.00/turn              (no ring)

@: attractive, flying
A: fire resistance 2, cold vulnerability 1, float, innate caster, hp casting,
extra vitality 1
a: no special abilities


You were on level 1 of the Dungeon.
You visited 1 branch of the dungeon, and saw 1 of its levels.

You collected 22 gold pieces.

Inventory:

Hand Weapons
 b - a +0 short sword (weapon)
Armour
 a - a +0 robe
 e - a +0 leather armour (worn)
Scrolls
 c - a scroll of enchant weapon {unknown}
 f - a scroll of identify {unknown}


   Skills:
 * Level 1.4 Fighting
 - Level 2.1 Dodging
 - Level 1.5 Stealth
 * Level 4.2 Spellcasting


You couldn't memorise any spells.
You knew the following spells:

 Your Spells              Type           Power      Damage    Failure   Level
a - Freeze                Ice            68%        1d8       4%          1
b - Frozen Ramparts       Ice            34%        1d5       12%         3
c - Ozocubu's Armour      Ice            17%        N/A       12%         3
d - Hailstorm             Conj/Ice       17%        3d6       38%         4
e - Summon Ice Beast      Ice/Summ       17%        N/A       38%         4
f - Corona                Hex            18%        N/A       4%          1
Your spell library was empty.

Dungeon Overview and Level Annotations

Branches:
Dungeon (1/15)

Altars:


Innate Abilities, Weirdness & Mutations

You are immune to poison.
Your flesh is very heat resistant. (rF++)
You are vulnerable to cold. (rC-)
You float through the air rather than walking.
You learn spells naturally, not from books.
Your magical power is your life essence.
You have superior vitality. (+4 HP)


Message History

You freeze the endoplasm.
The endoplasm is moderately wounded.
The kobold throws a stone.
The stone hits you but does no damage. The endoplasm freezes you.
You are frozen.
You feel a terrible chill!
* * * LOW HITPOINT WARNING * * *
Unknown command.
Casting: Freeze (safe; 4% risk of failure)
Confirm with . or Enter, or press ? or * to list all spells.
Aiming: Freeze (safe; 4% risk of failure)
Press: ? - help, Shift-Dir - straight line, f/p - endoplasm
Aim: an endoplasm (moderately wounded)
You freeze the endoplasm.
You kill the endoplasm!
* * * LOW HITPOINT WARNING * * *
The kobold throws a stone.
The stone misses you.
Casting: Freeze (safe; 4% risk of failure)
Confirm with . or Enter, or press ? or * to list all spells.
Aiming: Freeze (safe; 4% risk of failure)
Press: ? - help, Shift-Dir - straight line, f - rat
Aim: a rat You freeze the rat.
You kill the rat!
* * * LOW HITPOINT WARNING * * *
Unknown command.
Casting: Freeze (safe; 4% risk of failure)
Confirm with . or Enter, or press ? or * to list all spells.
Aiming: Freeze (safe; 4% risk of failure)
Press: ? - help, Shift-Dir - straight line, f - kobold
Aim: a kobold, wielding a +0 dagger and quivering stones You freeze the kobold.
The kobold is moderately wounded.
* * * LOW HITPOINT WARNING * * *
The kobold hits you with a +0 dagger.
* * * LOW HITPOINT WARNING * * *
Unknown command.
It was a potion of attraction.
You feel attractive to monsters. The kobold hits you with a +0 dagger.
You die...

.. ##.# ### #.... ..
#.... .# #
##..#.###†####.#
...............#
.......#K##.#..# #
#.....@#[.# .
....##.#.##)# # ...
#.#!##.# ####.## .##
#..#†?# #....##.
#.##.#.##.#.# #....# #.
#...........#
#....###$.#........####
#....##..>....######
#....#######.##


You could see a kobold.

Vanquished Creatures
  A bat (D:1)
  4 endoplasms (D:1)
  A giant cockroach (D:1)
  2 goblins (D:1)
  2 hobgoblins (D:1)
  3 jackals (D:1)
  A kobold (D:1)
  2 quokkas (D:1)
  5 ball pythons (D:1)
  3 frilled lizards (D:1)
  5 rats (D:1)
29 creatures vanquished.

Vanquished Creatures (others)
  3 plants (D:1)
3 creatures vanquished.

Grand Total: 32 creatures vanquished

Notes
Turn   | Place    | Note
-------+----------+-------------------------------------------
     0 | D:1      | dickylongcocking the Djinni Ice Elementalist began the
                  | quest for the Orb.
     0 | D:1      | Reached XP level 1. HP: 15/15 MP: 0/0
   383 | D:1      | Reached XP level 2. HP: 8/21 MP: 0/0
   657 | D:1      | Reached skill level 4 in Spellcasting
   867 | D:1      | Reached skill level 1 in Fighting
  1069 | D:1      | Reached XP level 3. HP: 25/27 MP: 0/0
  1069 | D:1      | Learned a level 1 spell: Corona
  1136 | D:1      | Slain by a kobold

Illustrated notes

Levels and vault maps discovered:
D:1:      lemuel_arrival_muddy, layout_basic, grunt_decor_arrowhead,
          serial_bayou_lagoon_a, grunt_decor_mini_mirrors, dk_noncrumbling_2,
          corexii_corridor_pit, minmay_small_reverse_x

Skill      XL: |  1  2 |
---------------+-------+-----
Spellcasting   | 4 |  4.2
Fighting       | 1 |  1.4
Dodging        | |  2.1
Stealth        | |  1.5

Action                   || total
-------------------------++-------
Melee: Unarmed           ||     3
       Short sword       ||     9
 Cast: Freeze            ||    41
  Use: Potion            ||     1
 Stab: Sleeping          ||     1
Armor: Robe              ||     2
       Leather armour    ||    13
Dodge: Dodged            ||    32

Table legend: (Time is in decaauts)
 A = Elapsed time spent in this place.
 B = Non-inter-level travel time spent in this place.
 C = Inter-level travel time spent in this place.
 D = Time resting spent in this place.
 E = Time spent auto-exploring this place.
 F = Levels seen in this place.
 G = Mean time per level.
                   A        B        C        D        E       F      G
               +--------+--------+--------+--------+--------+-----+--------+
         Total |   1136 |   1136 |      0 |    208 |    767 |   1 | 1136.0 |
       Dungeon |   1136 |   1136 |      0 |    208 |    767 |   1 | 1136.0 |
               +--------+--------+--------+--------+--------+-----+--------+

Top non-repeatable levels by time:
     D:1: 1136 daAuts
